 Dungeon Crawl Stone Soup version 0.31.0-9-g3a7656b989 (webtiles) character file.

Game seed: 1059334700666425680

86 inmateoo the Magician (level 4, 0/32 HPs)
             Began as a Gnoll Hedge Wizard on Jan 25, 2024.
             Slain by a quokka (1 damage)
             ... summoned by Eustachio
             ... on level 4 of the Dungeon.
             The game lasted 00:02:32 (2319 turns).

inmateoo the Magician (Gnoll Hedge Wizard)          Turns: 2319, Time: 00:02:33

Health: 0/32       AC:  3    Str:  9    XL:     4   Next: 50%
Magic:  1/13       EV: 13    Int: 15    God:
Gold:   171        SH:  0    Dex: 12    Spells: 14/17 levels left

rFire   . . .        j - staff of conjuration
rCold   . . .        (no shield)
rNeg    . . .        b - +0 robe
rPois   .            c - +0 hat
rElec   .            g - +0 cloak
rCorr   .            (no gloves)
SInv    .            (no boots)
Will    .....        a - amulet of the acrobat
Stlth   ++           (no ring)
HPRegen 0.25/turn    (no ring)
MPRegen 0.13/turn

%: acrobat
@: no status effects
A: fangs 1, strong nose, distributed training
a: no special abilities


You were on level 4 of the Dungeon.
You visited 1 branch of the dungeon, and saw 4 of its levels.

You collected 171 gold pieces.

Inventory:

Hand Weapons
 q - a +0 trident
 v - a +1 short sword of electrocution
Missiles
 w - a poisoned dart (quivered)
Armour
 b - a +0 robe (worn)
 c - a +0 hat (worn)
 g - a +0 cloak (worn)
Magical Staves
 j - a staff of conjuration (weapon)
Jewellery
 a - an amulet of the acrobat (around neck)
 r - a ring of fire
Scrolls
 h - 2 scrolls of teleportation {unknown}
 i - a scroll of summoning {unknown}
 k - a scroll of poison {unknown}
 l - a scroll of enchant armour {unknown}
 n - a scroll of acquirement {unknown}
 p - 2 scrolls of identify {unknown}
 x - a scroll of immolation {unknown}
Potions
 d - a potion of magic
 e - 3 potions of attraction {unknown}
 f - 2 potions of curing {unknown}
 m - 2 potions of brilliance {unknown}
 o - a potion of invisibility {unknown}
 s - a potion of heal wounds {unknown}
 t - a potion of might {unknown}
 u - a potion of enlightenment {unknown}


   Skills:
 + Level 1.2 Fighting
 + Level 1.2 Short Blades
 + Level 1.2 Long Blades
 + Level 1.2 Axes
 + Level 1.2 Maces & Flails
 + Level 1.2 Polearms
 + Level 1.2 Staves
 + Level 1.2 Ranged Weapons
 + Level 1.2 Throwing
 + Level 1.2 Armour
 + Level 4.7 Dodging
 + Level 4.3 Stealth
 + Level 1.2 Shields
 + Level 1.2 Unarmed Combat
 + Level 7.2 Spellcasting
 + Level 2.3 Conjurations
 + Level 1.0 Hexes
 + Level 2.3 Summonings
 + Level 1.0 Necromancy
 + Level 2.3 Translocations
 + Level 1.0 Fire Magic
 + Level 1.0 Ice Magic
 + Level 1.0 Air Magic
 + Level 1.0 Earth Magic
 + Level 1.0 Alchemy
 + Level 1.3 Invocations
 + Level 1.2 Evocations
 + Level 1.1 Shapeshifting


You had 14 spell levels left.
You knew the following spells:

 Your Spells              Type           Power      Damage    Failure   Level
a - Magic Dart            Conj           72%        1d6       4%          1
b - Blink                 Tloc           24%        N/A       8%          2

Your spell library contained the following spells:

 Spells                   Type           Power      Damage    Failure   Level
 Call Imp                 Summ           24%        N/A       8%          2
 Slow                     Hex            32%        N/A       9%          1
 Cigotuvi's Dreadful Rot  Necr/Alch/Air  16%        N/A       13%         2
 Mephitic Cloud           Conj/Alch/Air  14%        N/A       22%         3


Dungeon Overview and Level Annotations

Branches:
Dungeon (4/15)
 Temple: D:4-7

Altars:
Dithmenos
Makhleb
Ru
Zin

Annotations:
D:4 Eustachio


Innate Abilities, Weirdness & Mutations

You have very sharp teeth.
Your uncanny sense of smell can sniff out nearby items.
Your experience applies equally to all skills.


Message History

Eustachio casts a spell.
Eustachio blinks!
The ufetubus misses you. The ufetubus barely misses you.
The white imp gestures at you. The puff of frost hits you.
Casting: Magic Dart (safe; 4% risk of failure)
Confirm with . or Enter, or press ? or * to list all spells.
Okay, then.
The bat completely misses you. The ufetubus attacks as it pursues you!
The ufetubus closely misses you. The ufetubus completely misses you.
The white imp gestures at you. The puff of frost hits you!
* * * LOW HITPOINT WARNING * * *
The bat barely misses you. The quokka barely misses you.
The ufetubus completely misses you. The ufetubus hits you.
* * * LOW HITPOINT WARNING * * *
Okay, then.
The quokka misses you. The quokka completely misses you.
Casting: Magic Dart (safe; 4% risk of failure)
Confirm with . or Enter, or press ? or * to list all spells.
Aiming: Magic Dart (safe; 4% risk of failure)
Press: ? - help, Shift-Dir - straight line, f/p - Eustachio
Aim: Eustachio, wielding a +0 rapier and wearing a +0 leather armour (almost dead, poisoned, 100% to hit)
You feel a surge of power!
The magic dart hits Eustachio.
Eustachio is almost dead.
The bat hits you but does no damage. The ufetubus misses you.
The ufetubus closely misses you. The quokka barely misses you.
The ufetubus slips past you! The ufetubus barely misses you.
The ufetubus closely misses you.
Casting: Magic Dart (safe; 4% risk of failure)
Confirm with . or Enter, or press ? or * to list all spells.
Aiming: Magic Dart (safe; 4% risk of failure)
Press: ? - help, Shift-Dir - straight line, f/p - Eustachio
Aim: Eustachio, wielding a +0 rapier and wearing a +0 leather armour (almost dead, poisoned, 100% to hit)
You feel a surge of power!
The magic dart hits the ufetubus.
The ufetubus is lightly wounded.
The ufetubus hits you but does no damage.
The ufetubus hits you.
* * * LOW HITPOINT WARNING * * *
The quokka bites you.
You die...

#..........
##...####.#
##.....##
#..#####.......#
#..............#
##.####.........#
#.)........#
##.r.........#
#.@b5........#
#.5..........
#...(.........
#...(........
...@(.......
............
##...........
#...........


You could see Eustachio (poisoned), a white imp (summoned), an ufetubus
(summoned), a quokka (summoned) and a bat (summoned).

Vanquished Creatures
  An orc priest (D:3)
  A ribbon worm (D:2)
  A dart slug (D:2)
  4 orcs
  4 ball pythons
  9 endoplasms
  A giant cockroach (D:2)
  7 goblins
  4 hobgoblins
  3 bats (D:3)
  2 frilled lizards
  6 kobolds
  2 rats (D:1)
45 creatures vanquished.

Notes
Turn   | Place    | Note
-------+----------+-------------------------------------------
     0 | D:1      | inmateoo the Gnoll Hedge Wizard began the quest for the
                  | Orb.
     0 | D:1      | Reached XP level 1. HP: 13/13 MP: 8/8
   116 | D:1      | Reached XP level 2. HP: 18/19 MP: 1/10
   612 | D:2      | Learned a level 2 spell: Blink
   693 | D:2      | Reached XP level 3. HP: 20/25 MP: 0/11
  1191 | D:3      | Reached skill level 1 in Invocations
  1440 | D:3      | Found a shadowy altar of Dithmenos.
  1444 | D:3      | Reached skill level 1 in Fighting
  1444 | D:3      | Reached skill level 1 in Short Blades
  1444 | D:3      | Reached skill level 1 in Long Blades
  1444 | D:3      | Reached skill level 1 in Axes
  1444 | D:3      | Reached skill level 1 in Maces & Flails
  1444 | D:3      | Reached skill level 1 in Polearms
  1444 | D:3      | Reached skill level 1 in Staves
  1444 | D:3      | Reached skill level 1 in Ranged Weapons
  1444 | D:3      | Reached skill level 1 in Throwing
  1444 | D:3      | Reached skill level 1 in Armour
  1444 | D:3      | Reached skill level 1 in Shields
  1444 | D:3      | Reached skill level 1 in Unarmed Combat
  1444 | D:3      | Reached skill level 1 in Evocations
  1487 | D:3      | Found a glowing silver altar of Zin.
  1670 | D:3      | Reached skill level 1 in Hexes
  1670 | D:3      | Reached skill level 1 in Necromancy
  1670 | D:3      | Reached skill level 1 in Fire Magic
  1670 | D:3      | Reached skill level 1 in Ice Magic
  1670 | D:3      | Reached skill level 1 in Air Magic
  1670 | D:3      | Reached skill level 1 in Earth Magic
  1670 | D:3      | Reached skill level 1 in Alchemy
  1670 | D:3      | Reached skill level 1 in Shapeshifting
  1670 | D:3      | Reached XP level 4. HP: 32/32 MP: 4/13
  1854 | D:3      | Found a sacrificial altar of Ru.
  2257 | D:4      | Found a burning altar of Makhleb.
  2296 | D:4      | Noticed Eustachio
  2316 | D:4      | HP: 1/32 [ufetubus[Eustachio] (3)]
  2319 | D:4      | Slain by a quokka

Illustrated notes

Levels and vault maps discovered:
D:1:      mrwooster_arrival_statue_2, layout_basic
D:2:      layout_basic
D:3:      layout_loops_ring, hangedman_ru_absence, zin_statuary,
          nicolae_dithmenos_the_darkroom
D:4:      layout_layer_cave, bloody_makhleb, cheibrodos_sewer_entry_bend,
          uniq_sigmund, uniq_eustachio

Skill      XL: |  1  2  3 |
---------------+----------+-----
Conjurations   | 2 |  2.3
Summonings     | 2 |  2.3
Translocations | 2 |  2.3
Invocations    | 1 |  1.3
Fighting       | 1 |  1.2
Short Blades   | 1 |  1.2
Long Blades    | 1 |  1.2
Axes           | 1 |  1.2
Maces & Flails | 1 |  1.2
Polearms       | 1 |  1.2
Staves         | 1 |  1.2
Ranged Weapons | 1 |  1.2
Throwing       | 1 |  1.2
Armour         | 1 |  1.2
Shields        | 1 |  1.2
Unarmed Combat | 1 |  1.2
Evocations     | 1 |  1.2
Hexes          | 1 |  1.0
Necromancy     | 1 |  1.0
Fire Magic     | 1 |  1.0
Ice Magic      | 1 |  1.0
Air Magic      | 1 |  1.0
Earth Magic    | 1 |  1.0
Alchemy        | 1 |  1.0
Shapeshifting  | 1 |  1.1
Dodging        | |  4.7
Stealth        | |  4.3
Spellcasting   | |  7.2

Action                     |  1- 3 |  4- 6 || total
---------------------------+-------+-------++-------
  Throw: Dart              |       |     6 ||     6
   Cast: Magic Dart        |    98 |    25 ||   123
 Armour: Robe              |     5 |    26 ||    31
  Dodge: Dodged            |    10 |    36 ||    46
